 Dungeon Crawl Stone Soup version 0.31-a0-640-g39d97e502b (webtiles) character file.

Game seed: 1290576758312506937

273 MackTheKnife the Cudgeller (level 6, -1/56 HPs)
             Began as a Meteoran Wanderer on Aug 27, 2023.
             Slain by a gnoll
             ... wielding a +0 club
              (6 damage)
             ... on level 4 of the Dungeon.
             The game lasted 00:05:54 (1453 turns).

MackTheKnife the Cudgeller (Meteoran Wanderer)      Turns: 1453, Time: 00:05:55

Health: -1/56      AC:  8    Str: 11    XL:     6   Next: 78%
Magic:  7/7        EV: 10    Int: 14    God:
Gold:   65         SH:  5    Dex: 18    Spells: 5/5 levels left

rFire   . . .        b - +0 falchion {long}
rCold   . . .        c - +0 buckler
rNeg    . . .        s - +0 leather armour
rPois   .            (no helmet)
rElec   .            (no cloak)
rCorr   .            j - +0 pair of gloves
SInv    .            i - +3 pair of seven-league boots {Rampage+∞}
Will    .....        (no amulet)
Stlth   +            (no ring)
HPRegen 0.29/turn    (no ring)
MPRegen 0.10/turn

%: rampage+∞
@: on berserk cooldown, slowed, glowing, invisible (but backlit and visible)
(expiring), very slow
A: sense surroundings 1, otherworldly, glowing, explore regen
a: no special abilities


You were on level 4 of the Dungeon.
You visited 1 branch of the dungeon, and saw 4 of its levels.

You collected 93 gold pieces.
You spent 28 gold pieces at shops.


Innate Abilities, Weirdness & Mutations

You passively map a small area around you.
You are easily found by Zot.
You glow in the dark.
You regain HP and MP as you explore.


   Skills:
 + Level 5.1 Fighting
 + Level 4.5 Long Blades
 - Level 5.9 Maces & Flails
 - Level 0.3 Ranged Weapons
 - Level 1.1 Armour
 - Level 2.1 Shields


You had 5 spell levels left.
You didn't know any spells.
Your spell library contained the following spells:

 Spells                   Type           Power      Damage    Failure   Level
 Magic Dart               Conj           0%         1d3       50%         1
 Call Imp                 Summ           0%         N/A       63%         2
 Inner Flame              Hex/Fire       0%         N/A       86%         3
 Mephitic Cloud           Conj/Pois/Air  0%         N/A       86%         3
 Anguish                  Hex/Necr       0%         N/A       99%         4
 Cause Fear               Hex            0%         N/A       99%         4
 Yara's Violent Unravell  Hex/Tmut       0%         3d3       100%        5
 Enfeeble                 Hex            0%         N/A       100%        7

Inventory:

Hand Weapons
 b - a +0 falchion (weapon) {long}
 l - the +5 sling "Guliozy" {drain, rC+ Str+3 Int+3 Dex+2}
   (You found it on level 2 of the Dungeon)

   Str+3:     It affects your strength (+3).
   Int+3:     It affects your intelligence (+3).
   Dex+2:     It affects your dexterity (+2).
   rC+:       It protects you from cold.
 n - a +0 great sword {long}
   (You found it on level 3 of the Dungeon)
Armour
 c - a +0 buckler (worn)
 h - a +0 kite shield
   (You found it on level 1 of the Dungeon)
 i - the +3 pair of seven-league boots (worn) {Rampage+∞}
   (You found it on level 2 of the Dungeon)

   Rampage+∞: When moving toward enemies, its wearer moves as far as possible,
   alerting their target en route.
 j - a +0 pair of gloves (worn)
   (You found it on level 2 of the Dungeon)
 s - a +0 leather armour (worn)
   (You found it on level 2 of the Dungeon)
Scrolls
 f - a scroll of poison {unknown}
 g - a scroll of vulnerability {unknown}
 k - a scroll of fear {unknown}
 m - a scroll of revelation
 q - a scroll of summoning
 t - a scroll of teleportation {unknown}
 u - a scroll of identify {@r1}
Potions
 d - a potion of berserk rage {!q}
 o - a potion of enlightenment {unknown}
 p - a potion of cancellation {unknown}
 r - a potion of might {unknown}

Dungeon Overview and Level Annotations

Branches:
Dungeon (4/15) Zot: 915
 Temple: D:4-7

Altars:
Okawaru

Shops:
D:3

? ..##+#####
#..≈.#####.≈..# ..#,
, #..≈.....#.≈.## ,,
..+ ,,
,#....#._.#.≈[.###+##
..# ,
#..≈.#.....≈........
..#,, ,
#..≈.#####.≈.'......
..#,,, ,*
#..≈.......≈.#......
..# , ,
#..≈≈≈≈≈≈≈≈≈.#......
..#,
#...)...............
..# ,
#..@g...............
..+
,#?.)..........######
* , #.............# *
#.........##### , , *
#.........+, , *
#.........# * *
#.........# ** *
#..$......# ,, *


You could see a gnoll.


Message History

You hit the adder.
You feel sick. The adder bites you but does no damage.
The adder barely misses you.
The gnoll hits you from afar with a +0 spear. 😮 HP[-3]
You take 3 damage, and now have 45/84 hp.
You closely miss the adder.
You feel sick. The adder closely misses you. The adder bites you.
* * * LOW HITPOINT WARNING * * *
You are more poisoned.
The adder poisons you! The gnoll hits you with a +0 club.
* * * LOW HITPOINT WARNING * * *
The gnoll closely misses you.
The gnoll hits you from afar with a +0 spear.
* * * LOW HITPOINT WARNING * * *
😨 HP[-13]
You take 13 damage, and now have 32/84 hp.
You slash the adder!
You kill the adder!
You feel sick. The adder barely misses you. 😨 HP[-2]
You take 2 damage, and now have 30/84 hp.
You barely miss the adder.
You feel sick. The gnoll hits you but does no damage.
The gnoll hits you with a +0 club.
* * * LOW HITPOINT WARNING * * *
The gnoll closely misses you. The adder closely misses you. 😨 HP[-4]
You take 4 damage, and now have 26/84 hp.
You miss the adder.
You feel sick. The adder barely misses you. The gnoll closely misses you.
The gnoll hits you but does no damage. 😨 HP[-2]
You take 2 damage, and now have 24/84 hp.
Unknown command.
You slash the adder!
You kill the adder!
You feel sick. 😨 HP[-1]
You take 1 damage, and now have 23/84 hp.
Unknown command.
You barely miss the gnoll.
You feel sick. The gnoll hits you with a +0 whip.
* * * LOW HITPOINT WARNING * * *
The gnoll closely misses you. You block the gnoll's attack. 😱 HP[-3]
You take 3 damage, and now have 20/84 hp.
You slash the gnoll!
You kill the gnoll!
You feel sick. The gnoll barely misses you. You block the gnoll's attack.
You barely miss the gnoll. The gnoll hits you but does no damage.
The gnoll closely misses you.
You stride towards the gnoll!
You slash the gnoll!
You feel sick. The gnoll hits you with a +0 club.
* * * LOW HITPOINT WARNING * * *
😱 HP[-2]
You take 2 damage, and now have 18/84 hp.
You hit the gnoll.
You feel sick. The gnoll hits you with a +0 spear.
* * * LOW HITPOINT WARNING * * *
😱 HP[-4]
You take 4 damage, and now have 14/84 hp.
You slash the gnoll!
You kill the gnoll!
You feel sick. The gnoll barely misses you.
You barely miss the gnoll.
You are no longer berserk.
You are exhausted.
You feel yourself slow down.
You feel sick.
You are no longer poisoned.
The gnoll hits you but does no damage. 😱 HP[-6]
You now have 56 max hp (-28).
You hit the gnoll but do no damage. The gnoll hits you with a +0 club.
* * * LOW HITPOINT WARNING * * *
The gnoll barely misses you. 😱 HP[-3]
You take 3 damage, and now have 5/56 hp.
It was a potion of curing.
You feel better.
The gnoll hits you but does no damage. 😱 HP[+9]
You regained 9 hp, and now have 14/56 hp.
You barely miss the gnoll. The gnoll closely misses you.
The gnoll hits you but does no damage. 😨 HP[+1]
You hit the gnoll. The gnoll barely misses you.
You hit the gnoll. The gnoll hits you with a +0 club.
* * * LOW HITPOINT WARNING * * *
The gnoll hits you with a +0 club.
* * * LOW HITPOINT WARNING * * *
😱 HP[-10]
You take 10 damage, and now have 5/56 hp.
You hit the gnoll.
You flicker for a moment.
The gnoll hits you with a +0 club.
* * * LOW HITPOINT WARNING * * *
The gnoll barely misses you. 😱 HP[-1]
You take 1 damage, and now have 4/56 hp.
Okay, then.
You hit the gnoll. The gnoll barely misses you.
You closely miss the gnoll. You block the gnoll's attack.
The gnoll hits you with a +0 club.
You die...

Skill      XL: |  1  2  3  4  5  6 |
---------------+-------------------+-----
Fighting       | 3 4 5 |  5.1
Long Blades    | 3 4 |  4.5
Maces & Flails | |  5.9
Ranged Weapons | |  0.3
Armour         | |  1.1
Shields        | |  2.1

Action                     |  1- 3 |  4- 6 || total
---------------------------+-------+-------++-------
  Melee: Falchion          |    49 |    23 ||    72
   Fire: Sling             |    12 |    26 ||    38
    Use: Scroll            |     1 |     2 ||     3
         Potion            |       |     3 ||     3
 Armour: Robe              |    10 |     1 ||    11
         Leather armour    |       |    19 ||    19
  Dodge: Dodged            |    32 |    37 ||    69
  Block: Buckler           |    17 |    12 ||    29

Levels and vault maps discovered:
D:1:      minmay_arrival_four_loops, layout_basic, serial_rivers,
          chequers_serial_rivers_micro_c, chequers_serial_rivers_large_a,
          chequers_serial_rivers_micro_e, chequers_serial_rivers_marsh,
          minmay_fountain_box, amethyst_killhole, kennysheep_small_spiral
D:2:      layout_basic, uniq_terence
D:3:      layout_basic, serial_shops, nicolae_shop_tiny_glass
D:4:      layout_gridville, mainiacjoe_overflow_brackets,
          minmay_misc_feat_hallway, uniq_pikel

Notes
Turn   | Place    | Note
-------+----------+-------------------------------------------
     0 | D:1      | MackTheKnife the Meteoran Wanderer began the quest for the
                  | Orb.
     0 | D:1      | MackTheKnife set off with the following items: a +0 flail
                  | {mace}, a +0 falchion {long}, a +0 buckler, a potion of
                  | berserk rage {!q}, a +0 robe.
     0 | D:1      | Reached XP level 1. HP: 17/17 MP: 2/2
     0 | D:1      | magus.rc [v1.9.6]
    72 | D:1      | Reached XP level 2. HP: 25/25 MP: 3/3
   120 | D:1      | You pick up a book of Hexes and begin reading...
   120 | D:1      | You add the spells Anguish, Cause Fear and Enfeeble to your
                  | library.
   162 | D:2      | You pick up a book of Misfortune and begin reading...
   162 | D:2      | You add the spells Inner Flame and Yara's Violent
                  | Unravelling to your library.
   220 | D:2      | Found the +3 pair of seven-league boots {Rampage+∞}
   385 | D:2      | Reached XP level 3. HP: 27/30 MP: 4/4
   393 | D:2      | Reached skill level 3 in Fighting
   401 | D:2      | Identified the +5 sling "Guliozy" {drain, rC+ Str+3 Int+3
                  | Dex+2}
   547 | D:3      | Found Dimulimn's Magic Scroll Shoppe.
   600 | D:3      | Bought a scroll of identify for 28 gold pieces
   738 | D:3      | Reached XP level 4. HP: 38/38 MP: 5/5
   741 | D:3      | You pick up a book of Minor Magic and begin reading...
   741 | D:3      | You add the spells Magic Dart, Call Imp and Mephitic Cloud
                  | to your library.
  1071 | D:4      | Noticed a black bear
  1075 | D:4      | Killed a black bear
  1076 | D:4      | Reached skill level 4 in Fighting
  1076 | D:4      | Reached skill level 3 in Long Blades
  1076 | D:4      | Reached XP level 5. HP: 46/47 MP: 6/6
  1241 | D:4      | Noticed an ogre
  1245 | D:4      | Killed an ogre
  1246 | D:4      | Reached skill level 4 in Long Blades
  1246 | D:4      | Reached XP level 6. HP: 24/55 MP: 7/7
  1403 | D:4      | Found an iron altar of Okawaru.
  1433 | D:4      | Reached skill level 5 in Fighting
  1439 | D:4      | HP: 20/84 [gnoll/+0 whip (2)]
  1444 | D:4      | HP: 14/84 [poisoned by an adder]
  1446 | D:4      | HP: 5/56 [gnoll/+0 club (4)]
  1451 | D:4      | HP: 4/56 [gnoll/+0 club (2)]
  1453 | D:4      | Slain by a gnoll

Vanquished Creatures
  A black bear (D:4)
  An ogre (D:4)
  4 adders
  2 gnolls (D:4)
  2 dart slugs
  5 ball pythons
  3 endoplasms
  A giant cockroach (D:3)
  4 goblins
  A hobgoblin (D:3)
  4 jackals (D:2)
  7 kobolds
  2 quokkas
  4 bats
  A rat (D:1)
42 creatures vanquished.

Table legend:
 A = Non-vault XP
 B = Vault XP
 C = Vault XP percentage of total XP
 D = Non-vault monster count
 E = Vault monster count
 F = Vault count percentage of total count
                 A         B        C        D         E       F
            +---------+---------+-------+---------+---------+-------
      Total |     391 |       0 |   0.0 |      42 |       0 |   0.0
            +---------+---------+-------+---------+---------+-------
        D:1 |      14 |       0 |   0.0 |       8 |       0 |   0.0
        D:2 |      24 |       0 |   0.0 |      12 |       0 |   0.0
        D:3 |      31 |       0 |   0.0 |      11 |       0 |   0.0
        D:4 |     322 |       0 |   0.0 |      11 |       0 |   0.0
            +---------+---------+-------+---------+---------+-------

Skill      XL: |  1  2  3  4  5  6 |
---------------+-------------------+-----
Fighting       | 3 4 5 |  5.1
Long Blades    | 3 4 |  4.5
Maces & Flails | |  5.9
Ranged Weapons | |  0.3
Armour         | |  1.1
Shields        | |  2.1

Action                     |  1- 3 |  4- 6 || total
---------------------------+-------+-------++-------
  Melee: Falchion          |    49 |    23 ||    72
   Fire: Sling             |    12 |    26 ||    38
    Use: Scroll            |     1 |     2 ||     3
         Potion            |       |     3 ||     3
 Armour: Robe              |    10 |     1 ||    11
         Leather armour    |       |    19 ||    19
  Dodge: Dodged            |    32 |    37 ||    69
  Block: Buckler           |    17 |    12 ||    29

Illustrated notes

Table legend:
 A = Kills in this place as a percentage of kills in the entire game.
 B = Kills by you in this place as a percentage of kills by you in the entire game.
 C = Kills by friends in this place as a percentage of kills by friends in the entire game.
 D = Other kills in this place as a percentage of other kills in the entire game.
 E = Experience gained in this place as a percentage of experience gained in the entire game.
 F = Experience gained in this place divided by the number of levels of this place that you have seen.
                   A       B       C       D       E      F
               +-------+-------+-------+-------+-------+----------------------
         Total | 100.0 | 100.0 |   N/A |   N/A | 100.0 |  97.8
       Dungeon | 100.0 | 100.0 |   N/A |   N/A | 100.0 |  97.8
               +-------+-------+-------+-------+-------+----------------------

Table legend: (Time is in decaauts)
 A = Elapsed time spent in this place.
 B = Non-inter-level travel time spent in this place.
 C = Inter-level travel time spent in this place.
 D = Time resting spent in this place.
 E = Time spent auto-exploring this place.
 F = Levels seen in this place.
 G = Mean time per level.
                   A        B        C        D        E       F      G
               +--------+--------+--------+--------+--------+-----+--------+
         Total |   1482 |   1289 |    193 |      0 |     55 |   4 |  370.5 |
       Dungeon |   1482 |   1289 |    193 |      0 |     55 |   4 |  370.5 |
               +--------+--------+--------+--------+--------+-----+--------+

Top non-repeatable levels by time:
     D:2: 477 daAuts
     D:3: 439 daAuts
     D:4: 409 daAuts
     D:1: 156 daAuts
